Map: [ESL] Data-C

Players

Mixu - Winner!

  • Race: Zerg Zerg
  • Spawn Location: 9:00

PiLiPiLi

  • Race: Protoss Protoss
  • Spawn Location: 3:00

Event: DreamHack SC2 Masters 2022 Atlanta (Offline)

VOD

Have the link to the VOD?

Description

Time

  • Played on: Nov. 18, 2022, 3:38 p.m.
  • Length: 9:33

All games in this series

Show
View Real Time Build Order
Export as new Build Order

Mixu Zerg - Winner!

Build Orders: Hatch First 

Get SALT Encoding   

  12  0:00  Drone  
  13  0:12  Overlord  
  13  0:16  Drone  
  14  0:31  Drone x2  
  16  0:48  Hatchery  
  15  0:51  Drone  
  15  0:55  Drone  
  17  0:58  Drone  
  18  1:10  Extractor  
  17  1:13  Spawning Pool  
  16  1:18  Drone  
  16  1:20  Drone  
  18  1:28  Drone  
  19  1:38  Drone  
  20  1:51  Overlord  
  20  2:00  Queen x2  
  24  2:03  Zergling x4  
  26  2:10  Drone x2  
  26  2:13  Metabolic Boost  
  28  2:21  Drone x2  
  30  2:35  Drone, Hatchery  
  30  2:39  Drone  
  31  2:44  Queen  
  31  2:49  Overlord  
  33  2:52  Drone  
  33  2:54  Drone  
  33  2:56  Drone  
  36  3:05  Overlord  
  36  3:10  Drone x4  
  40  3:14  Queen  
  40  3:17  Drone  
  40  3:19  Drone  
  44  3:24  Queen  
  44  3:26  Drone  
  47  3:30  Zergling x2  
  48  3:38  Drone  
  48  3:39  Drone  
  50  3:42  Overlord  
  50  3:44  Drone x2  
  52  3:51  Queen, Roach Warren  
  52  3:53  Drone x3  
  52  3:55  Drone  
  58  4:03  Drone x4, Overlord  
  62  4:12  Overlord x2  
  62  4:15  Lair, Drone x2  
  64  4:21  Drone  
  65  4:25  Spore Crawler x2, Drone  
  67  4:31  Drone x5  
  67  4:36  Drone x2  
  71  4:40  Drone x3  
  71  4:43  Drone, Extractor  
  71  4:45  Roach Warren, Evolution Chamber  
  73  4:46  Drone  
  73  4:48  Queen, Extractor x2  
  73  4:49  Drone  
  74  4:53  Drone  
  74  4:54  Drone x3  
  74  4:56  Extractor  
  74  4:57  Drone, Extractor  
  77  5:07  Drone x5  
  77  5:10  Hatchery  
  81  5:14  Overlord  
  80  5:22  Queen  
  80  5:23  Spire  
  80  5:24  Overlord x2  
  81  5:28  Zerg Melee Weapons Level 1  
  81  5:33  Queen x2  
  81  5:34  Drone  
  86  5:36  Drone x2  
  86  5:38  Overlord  
  91  5:42  Drone x3  
  91  5:44  Drone  
  91  5:48  Drone x4  
  95  5:53  Drone x3  
  95  5:55  Drone  
  99  6:01  Drone x4  
  99  6:04  Extractor  
  102  6:05  Extractor  
  102  6:07  Queen  
  102  6:08  Spore Crawler  
  102  6:09  Drone  
  102  6:11  Queen  
  103  6:16  Overlord x3  
  103  6:17  Drone x2  
  105  6:32  Overlord  
  103  6:42  Corruptor x7  
  103  6:43  Corruptor  
  113  6:49  Corruptor x2  
  115  6:55  Corruptor x2  
  115  6:59  Corruptor x2  
  123  7:03  Corruptor  
  123  7:06  Corruptor  
  123  7:09  Corruptor  
  123  7:10  Corruptor  
  127  7:19  Corruptor x2  
  129  7:24  Drone  
  129  7:25  Zergling x14, Drone x3  
  140  7:32  Roach x5  
  140  7:33  Glial Reconstitution  
  140  7:36  Zergling x4  
  152  7:37  Pneumatized Carapace  
  152  7:40  Overlord  
  152  7:41  Overlord  
  152  7:57  Overlord  
  152  7:59  Queen  
  152  8:03  Roach x7, Overlord x3  
  168  8:13  Overlord x2  
  168  8:19  Ravager x5  
  171  8:20  Roach x2  
  173  8:31  Ravager x6  
  177  8:36  Zergling x22  
  177  8:37  Queen  
  184  8:42  Corruptor  
  186  8:51  Hatchery  
  186  8:52  Roach x4  
  186  8:54  Ravager x3  
  189  9:11  Zergling x12  
Show
View Real Time Build Order
Export as new Build Order

PiLiPiLi Protoss 

Build Orders: 1 Gate Expand 

Get SALT Encoding   

  12  0:00  Probe  
  13  0:12  Probe  
  14  0:20  Pylon  
  14  0:24  Probe  
  15  0:31  Assimilator  
  15  0:38  Probe (Chrono Boost)  
  16  0:44  Gateway  
  16  0:48  Probe (Chrono Boost)  
  17  0:53  Probe (Chrono Boost)  
  18  1:04  Probe  
  19  1:16  Probe  
  20  1:25  Nexus  
  20  1:36  Cybernetics Core  
  20  1:39  Probe  
  21  1:44  Assimilator  
  21  1:51  Probe  
  21  1:53  Pylon  
  22  2:03  Probe  
  23  2:12  Adept (Chrono Boost)  
  23  2:13  Stargate  
  25  2:16  Probe  
  25  2:19  Warp Gate  
  26  2:28  Probe  
  27  2:39  Probe  
  27  2:40  Probe  
  29  2:51  Probe  
  29  2:52  Probe  
  31  3:01  Void Ray (Chrono Boost)  
  31  3:03  Probe  
  31  3:04  Probe  
  37  3:08  Pylon  
  37  3:15  Probe  
  37  3:16  Probe  
  39  3:20  Assimilator  
  39  3:27  Probe  
  39  3:28  Probe  
  39  3:29  Fleet Beacon  
  41  3:39  Probe  
  41  3:41  Probe, Assimilator  
  43  3:52  Probe  
  44  3:55  Stargate  
  44  3:57  Probe  
  44  4:01  Shield Battery  
  45  4:05  Probe  
  45  4:09  Probe  
  47  4:12  Tempest (Chrono Boost)  
  47  4:15  Pylon  
  52  4:17  Probe, Pylon  
  52  4:21  Probe  
  54  4:29  Pylon  
  54  4:33  Probe x2  
  54  4:37  Tempest (Chrono Boost)  
  56  4:45  Probe x2  
  63  4:54  Tempest (Chrono Boost)  
  63  4:55  Pylon  
  63  4:57  Probe  
  69  5:00  Zealot  
  71  5:13  Pylon  
  76  5:17  Tempest (Chrono Boost)  
  76  5:25  Probe  
  76  5:27  Tempest (Chrono Boost)  
  77  5:31  Nexus  
  82  5:39  Probe  
  82  5:40  Probe  
  84  5:46  Forge  
  84  5:49  Shield Battery, Zealot  
  86  5:51  Probe  
  86  5:52  Probe  
  88  6:04  Probe x2  
  93  6:05  Unknown  
  93  6:08  Void Ray (Chrono Boost)  
  94  6:18  Protoss Air Weapons Level 1  
  94  6:43  Probe x2  
  99  6:49  Void Ray x2  
  100  6:54  Probe  
  100  6:55  Probe x2  
  100  6:57  Assimilator  
  102  7:01  Assimilator  
  102  7:04  Twilight Council  
  102  7:06  Probe, Gateway  
  102  7:07  Probe  
  104  7:09  Gateway  
  104  7:13  Gateway  
  104  7:14  Gateway  
  104  7:23  Probe  
  104  7:24  Probe  
  104  7:29  Void Ray x2 (Chrono Boost)  
  94  7:30  Probe  
  94  7:33  Shield Battery  
  94  7:34  Flux Vanes  
  94  7:35  Pylon  
  95  7:37  Gateway  
  95  7:39  Gateway  
  95  7:50  Stalker  
  97  7:51  Charge (Chrono Boost)  
  97  8:03  Probe x2  
  97  8:05  Void Ray x2  
  106  8:08  Zealot x3  
  106  8:10  Pylon  
  112  8:16  Gateway  
  112  8:21  Zealot x2  
  112  8:23  Pylon  
  116  8:30  Stalker x3  
  118  8:38  Void Ray  
  118  8:40  Stalker x2  
  122  8:41  Zealot  
  122  8:42  Zealot  
  122  8:46  Pylon  
  130  8:49  Pylon  
  130  8:50  Pylon  
  130  8:51  Pylon  
  130  8:53  Zealot  
  132  9:04  Pylon  
  132  9:09  Zealot x5  
  134  9:15  Zealot x2  
  126  9:23  Zealot  
Tags
 
Add a new tag
Caveats
  • Supply blocks, unpowered buildings, or Contaminate may cause inaccurate times.
  • Supply counts are checked every 10 seconds.